 Dungeon Crawl Stone Soup version 0.21.1-1-g345015f (webtiles) character file.

18 tidbits the Grave Robber (level 2, -24/20 HPs)
             Began as a Gnoll Necromancer on June 16, 2018.
             Annihilated by an ogre
             ... wielding a +0 giant spiked club
              (29 damage)
             ... on level 3 of the Dungeon.
             The game lasted 00:01:32 (182 turns).

tidbits the Grave Robber (Gnoll Necromancer)         Turns: 182, Time: 00:01:33

Health: -24/20     AC:  2    Str: 10    XL:     2   Next: 70%
Magic:  5/7        EV: 14    Int: 17    God:
Gold:   53         SH:  0    Dex: 15    Spells: 9/10 levels left

rFire    . . .     SeeInvis .   a - +2 dagger (venom)
rCold    . . .     Gourm    .   (no shield)
rNeg     . . .     Faith    .   d - +0 robe
rPois    .         Spirit   .   (no helmet)
rElec    .         Reflect  .   (no cloak)
rCorr    .         Harm     .   (no gloves)
MR       .....                  (no boots)
Stlth    +++.......             (no amulet)
HPRegen  0.06/turn              (no ring)
MPRegen  0.10/turn              (no ring)

@: no status effects
A: distributed training, fangs 1, strong nose
a: no special abilities


You were on level 3 of the Dungeon.
You were not hungry.

You visited 1 branch of the dungeon, and saw 3 of its levels.

You collected 53 gold pieces.

Inventory:

Hand Weapons
 a - a +2 dagger of venom (weapon)
   (You took it off a kobold on level 2 of the Dungeon)
Armour
 d - a +0 robe (worn)
 f - a +0 shield
Scrolls
 e - a scroll of identify {unknown}
Books
 b - a book of Necromancy

   Spells                             Type                      Level
   a - Pain                           Necromancy                   1
   b - Animate Skeleton               Necromancy                   1
   c - Vampiric Draining              Necromancy                   3
   d - Regeneration                   Charms/Necromancy            3
   e - Animate Dead                   Necromancy                   4
   f - Borgnjor's Vile Clutch         Necromancy/Earth             5
Comestibles
 c - a ration


   Skills:
 + Level 0.5 Fighting
 + Level 0.5 Short Blades
 + Level 0.5 Long Blades
 + Level 0.5 Axes
 + Level 0.5 Maces & Flails
 + Level 0.5 Polearms
 + Level 0.5 Staves
 + Level 0.5 Slings
 + Level 0.5 Bows
 + Level 0.5 Crossbows
 + Level 0.5 Throwing
 + Level 0.5 Armour
 + Level 4.5 Dodging
 + Level 4.1 Stealth
 + Level 0.5 Shields
 + Level 0.5 Unarmed Combat
 + Level 4.9 Spellcasting
 + Level 0.3 Conjurations
 + Level 0.3 Hexes
 + Level 0.3 Charms
 + Level 0.3 Summonings
 + Level 7.0 Necromancy
 + Level 0.3 Translocations
 + Level 0.3 Transmutations
 + Level 0.3 Fire Magic
 + Level 0.3 Ice Magic
 + Level 0.3 Air Magic
 + Level 0.3 Earth Magic
 + Level 0.3 Poison Magic
 + Level 0.6 Invocations
 + Level 0.5 Evocations


You had 9 spell levels left.
You knew the following spells:

 Your Spells              Type           Power        Failure   Level  Hunger
a - Pain                  Necr           ####         1%          1    None


Dungeon Overview and Level Annotations

Branches:
Dungeon (3/15)

Altars:


Innate Abilities, Weirdness & Mutations

Your experience applies equally to all skills.
You have very sharp teeth.
Your uncanny sense of smell can sniff out nearby items.


Message History

Aim: an ooze (chance to defeat MR: 84%)
The ooze writhes in agony!
The ooze jiggles.
You hit the ooze but do no damage.
The ooze is poisoned.
You bite the ooze, but do no damage.
The ooze is moderately wounded.
The ooze closely misses you.
You hit the ooze.
The ooze is almost dead.
You kill the ooze!
Casting: Pain
Confirm with . or Enter, or press ? or * to list all spells.
Aiming: Pain
Press: ? - help, Shift-Dir - straight line, f - worm
Aim: a worm (chance to defeat MR: 89%)
The worm writhes in agony!
Casting: Pain
Confirm with . or Enter, or press ? or * to list all spells.
Aiming: Pain
Press: ? - help, Shift-Dir - straight line, f/p - worm
Aim: a worm (lightly wounded, chance to defeat MR: 89%)
The worm barely resists.
Casting: Pain
Confirm with . or Enter, or press ? or * to list all spells.
Aiming: Pain
Press: ? - help, Shift-Dir - straight line, f/p - worm
Aim: a worm (lightly wounded, chance to defeat MR: 89%)
The worm writhes in agony!
Casting: Pain
Confirm with . or Enter, or press ? or * to list all spells.
You don't have enough magic to cast that spell.
You barely miss the worm. Your bite misses the worm.
The worm is moderately wounded.
The worm barely misses you.
You hit the worm.
The worm is poisoned.
The worm is moderately wounded.
You hit the worm.
The worm looks as sick as possible!
The worm is moderately wounded.
The worm bites you but does no damage.
You barely miss the worm.
The worm is moderately wounded.
The worm closely misses you.
You hit the worm.
The worm looks as sick as possible!
The worm is severely wounded.
You kill the worm!
A frilled lizard comes into view.
Casting: Pain
Confirm with . or Enter, or press ? or * to list all spells.
Aiming: Pain
Press: ? - help, Shift-Dir - straight line, f - frilled lizard
Aim: a frilled lizard (hasn't noticed you, chance to defeat MR: 93%)
The frilled lizard hisses angrily.
The frilled lizard writhes in agony!
You kill the frilled lizard!
You see here a worm corpse.
You see here a scroll labeled UNTUFRANECO.
e - a scroll labeled UNTUFRANECO You see here 12 gold pieces.
You now have 53 gold pieces (gained 12).
You see here a worm corpse.
Found a shield.
Found an escape hatch in the floor.
You see here a shield.
f - a shield A rat comes into view.
There is an escape hatch in the floor here.
You slide downwards.
The hatch slams shut behind you.
Found a knobbly onyx ring.
Unknown command.
You open the door. You open the door.
A goblin and a kobold come into view.
Found a scroll labeled CUTIGR FUSUGEH.
The goblin shouts!
The kobold shouts!
An ogre comes into view. It is wielding a giant spiked club.
There is an open door here.
The ogre shouts!
You hit the kobold but do no damage.
The kobold is poisoned.
You closely miss the kobold. The kobold hits you with a short sword.
* * * LOW HITPOINT WARNING * * *
You barely miss the kobold. The kobold hits you with a short sword.
* * * LOW HITPOINT WARNING * * *
A hobgoblin comes into view.
You closely miss the kobold. The kobold hits you with a short sword.
* * * LOW HITPOINT WARNING * * *
You hit the kobold.
You kill the kobold!
You closely miss the goblin. The goblin closely misses you.
You aren't carrying any potions.
You hit the goblin.
The goblin is poisoned.
The goblin is heavily wounded.
The goblin barely misses you.
You hit the goblin.
You kill the goblin!
You barely miss the ogre. You hit the ogre.
The ogre is poisoned.
Your bite misses the ogre.
The ogre is lightly wounded.
The ogre hits you with a giant spiked club!!
Ouch! That really hurt!
You die...

##.## ... ?.. ...
#.# #g# #O# ##@##
##...## ##.....##
#.=.....##
#.........####...
+.........'......
#.........####...
##.......##
##.....##


You could see an ogre and a hobgoblin.

Vanquished Creatures
  2 oozes
  A worm (D:2)
  A goblin (D:3)
  A frilled lizard (D:2)
  4 kobolds
9 creatures vanquished.

Notes
Turn   | Place    | Note
-------+----------+-------------------------------------------
     0 | D:1      | tidbits the Gnoll Necromancer began the quest for the Orb.
     0 | D:1      | Reached XP level 1. HP: 13/13 MP: 6/6
    92 | D:2      | Reached XP level 2. HP: 12/19 MP: 1/7
   173 | D:3      | Noticed an ogre
   182 | D:3      | Annihilated by an ogre

Action                   || total
-------------------------++-------
Melee: Unarmed           ||     1
       Dagger            ||    18
       Bite              ||     1
 Cast: Pain              ||    11
 Stab: Sleeping          ||     1
Armor: Robe              ||     2
Dodge: Dodged            ||     9

Table legend:
 A = Turns spent in this place as a percentage of turns spent in the entire game.
 B = Non-inter-level travel turns spent in this place as a percentage of non-inter-level travel turns spent in the entire game.
 C = Inter-level travel turns spent in this place as a percentage of turns spent in this place.
 D = Turns resting spent in this place as a percentage of non-inter-level travel turns spent in this place.
 E = Turns spent auto-exploring this place as a percentage of non-inter-level travel turns spent in this place.
 F = Non-inter-level travel turns spent in this place divided by the number of levels of this place that you've seen.
                   A       B       C       D       E      F
               +-------+-------+-------+-------+-------+----------------------
         Total | 100.0 | 100.0 |   0.0 |   0.0 |   0.0 |  60.7
       Dungeon | 100.0 | 100.0 |   0.0 |   0.0 |   0.0 |  60.7
               +-------+-------+-------+-------+-------+----------------------

Table legend:
 A = Kills in this place as a percentage of kills in entire the game.
 B = Kills by you in this place as a percentage of kills by you in the entire game.
 C = Kills by friends in this place as a percentage of kills by friends in the entire game.
 D = Other kills in this place as a percentage of other kills in the entire game.
 E = Experience gained in this place as a percentage of experience gained in the entire game.
 F = Experience gained in this place divided by the number of levels of this place that you have seen.
                   A       B       C       D       E      F
               +-------+-------+-------+-------+-------+----------------------
         Total | 100.0 | 100.0 |   N/A |   N/A | 100.0 |   9.0
       Dungeon | 100.0 | 100.0 |   N/A |   N/A | 100.0 |   9.0
               +-------+-------+-------+-------+-------+----------------------

Vault maps used:
D:1:      tarquinn_simple_flora_water_a
D:2:      overflow_temple_1_default, first_ration
D:3:      nicolae_ru_path_of_blood
